 Dungeon Crawl Stone Soup version 0.24.1-14-gf8d2b509d9 (webtiles) character file.

Game seed: 8610152453309388655, levelgen mode: deterministic

298 Ascillia the Chopper (level 6, -1/61 HPs)
             Began as a Naga Fighter on May 22, 2020.
             Slain by an orc wizard
             ... wielding a +0 dagger
              (2 damage)
             ... on level 4 of the Dungeon.
             The game lasted 00:16:22 (3891 turns).

Ascillia the Chopper (Naga Fighter)                 Turns: 3891, Time: 00:16:22

Health: -1/61      AC:  8    Str: 24 (25) XL:     6   Next: 36%
Magic:  6/6        EV:  4    Int: 10 (13) God:
Gold:   110        SH:  0    Dex: 10 (11) Spells: 5/5 levels left

rFire    . . .     SeeInvis +   a - +0 war axe
rCold    . . .     Gourm    +   r - +0 buckler
rNeg     . . .     Faith    .   o - +0 plate armour
rPois    +         Spirit   .   (no helmet)
rElec    .         Reflect  .   (no cloak)
rCorr    .         Harm     .   (no gloves)
MR       .....                  (no barding)
Stlth    ..........             s - amulet of the gourmand
HPRegen  0.20/turn              (no ring)
MPRegen  0.10/turn              (no ring)

@: confused, mighty, brilliant, flying, very slow
A: large, see invisible, deformed body, mutation resistance 1, poison
resistance, robust 1, slowness 2, slow metabolism 1, spit poison 1, AC +2
a: Spit Poison


You were on level 4 of the Dungeon.
You were hungry.

You visited 1 branch of the dungeon, and saw 4 of its levels.

You collected 110 gold pieces.

Inventory:

Hand Weapons
 a - a +0 war axe (weapon)
 b - a +1 mace of protection
Armour
 c - a +0 shield
 o - a +0 plate armour (worn)
 r - a +0 buckler (worn)
Jewellery
 s - an amulet of the gourmand (around neck)
Scrolls
 e - a scroll of noise {unknown}
 i - 3 scrolls of enchant weapon {unknown}
 j - a scroll of immolation {unknown}
 p - 2 scrolls of identify {unknown}
 q - a scroll of random uselessness {unknown}
 t - a scroll of magic mapping {unknown}
 u - a scroll of teleportation {unknown}
 v - a scroll of amnesia {unknown}
Comestibles
 f - 6 rations


   Skills:
 - Level 3.0 Fighting
 * Level 5.7 Axes
 - Level 2.4 Armour
 + Level 0.4 Dodging
 + Level 3.4 Shields


You had 5 spell levels left.
You didn't know any spells.
Your spell library was empty.

Dungeon Overview and Level Annotations

Branches:
Dungeon (4/15)
 Temple: D:4-7

Altars:

Annotations:
D:4 3 runed translucent doors, Gwenloh's ghost, amateur HOFi


Innate Abilities, Weirdness & Mutations

You cannot wear boots.
Your serpentine skin is tough. (AC +2)
You have supernaturally acute eyesight. (SInv)
Armour fits poorly on your strangely shaped body.
Your system is resistant to poisons. (rPois)
You cover ground very slowly.
You have a slow metabolism.
You can spit poison.
You are somewhat resistant to further mutation.
You are robust. (+10% HP)


Message History

It was a potion of brilliance.
You feel clever all of a sudden.
The orc wizard hits you but does no damage.
You feel very mighty all of a sudden.
The orc wizard hits you with a +0 dagger.
* * * LOW HITPOINT WARNING * * *
You closely miss the orc wizard.
The orc wizard points at you and mumbles some strange words.
The magic dart hits the orc wizard!
The orc wizard hits you but does no damage.
You closely miss the orc wizard.
The orc wizard is heavily wounded.
The orc wizard hits you but does no damage.
You bump into the rock wall.
The orc wizard points at you and mumbles some strange words.
The magic dart hits you!
* * * LOW HITPOINT WARNING * * *
You bump into the rock wall.
The orc wizard hits you with a +0 dagger.
You die...

#...#.......##.......
###...#.....#..#.......
##.#............#......#
#.......#.......))...(.#
#.......#.########8....#
#.........# ...o.#......
####.....## .##.o#......
#..#### .8#.o#.....#
#.oo@# o##.o#.##..#
#.)### ..#.#.##...
#....## oo.#.+......
##....# .8.#.+......
#.....# ..#.+......
.........# ..#.#......
.......... ..#......
...........# ..#......
....#.##^..# .#......


You could see 2 orc wizards.

Vanquished Creatures
  2 orc priests (D:4)
  An orc wizard (D:3)
  A worker ant (D:4)
  4 gnolls (D:3)
  5 adders
  An ooze (D:1)
  A worm (D:2)
  3 dart slugs (D:1)
  3 leopard geckos
  8 orcs
  2 giant cockroaches
  10 goblins
  8 hobgoblins
  9 kobolds
  2 quokkas
  A ball python (D:3)
  9 bats
  7 frilled lizards
  A leopard gecko skeleton (D:4)
  9 rats
87 creatures vanquished.

Vanquished Creatures (others)
  A plant (D:3)
1 creature vanquished.

Grand Total: 88 creatures vanquished

Notes
Turn   | Place    | Note
-------+----------+-------------------------------------------
     0 | D:1      | Ascillia the Naga Fighter began the quest for the Orb.
     0 | D:1      | Reached XP level 1. HP: 21/21 MP: 1/1
    73 | D:1      | Reached XP level 2. HP: 21/28 MP: 2/2
   445 | D:1      | Reached XP level 3. HP: 21/34 MP: 3/3
   724 | D:1      | Reached skill level 3 in Axes
  1359 | D:2      | Reached XP level 4. HP: 38/42 MP: 4/4
  1866 | D:2      | Reached skill level 4 in Axes
  2540 | D:3      | Reached XP level 5. HP: 48/49 MP: 5/5
  2944 | D:3      | Reached skill level 5 in Axes
  3541 | D:4      | Reached XP level 6. HP: 13/56 MP: 6/6
  3797 | D:4      | Found a runed translucent gate.
  3797 | D:4      | Found a runed translucent gate.
  3797 | D:4      | Found a runed translucent gate.
  3800 | D:4      | Noticed Gwenloh's ghost (amateur HOFi)
  3802 | D:4      | Identified the +8 glaive of Siogh {elec, Int+5 SInv}
  3802 | D:4      | Noticed an orc warrior
  3876 | D:4      | Gained mutation: You are robust. (+10% HP) [potion of
                  | mutation]
  3876 | D:4      | Gained mutation: You are somewhat resistant to further
                  | mutation. [potion of mutation]
  3890 | D:4      | HP: 1/61 [orc wizard/magic dart (7)]
  3891 | D:4      | Slain by an orc wizard

Levels and vault maps discovered:
D:1:      mrwooster_arrival_arrow, layout_basic
D:2:      layout_loops_ring
D:3:      layout_loops_cross, first_ration, chequers_big_river
D:4:      layout_cave_pools, nemelex_xobeh_ov_fountains_minmay,
          biasface_ghost_orc_armoury, minmay_close_crescents

Skill      XL: |  1  2  3  4  5 |
---------------+----------------+-----
Axes           | 3 4 5 |  5.7
Shields        | 3 |  3.4
Fighting       | |  3.0
Armour         | |  2.4
Dodging        | |  0.4

Action                   |  1- 3 |  4- 6 || total
-------------------------+-------+-------++-------
Melee: War axe           |   126 |   230 ||   356
 Abil: Spit Poison       |     4 |     1 ||     5
  Use: Potion            |       |     7 ||     7
  Eat: Chunk             |       |     5 ||     5
       Ration            |       |     1 ||     1
Armor: Scale mail        |    58 |    46 ||   104
       Plate armour      |       |    83 ||    83
Dodge: Dodged            |    35 |    39 ||    74
Block: Shield            |    79 |    78 ||   157
       Buckler           |       |    16 ||    16
